[Event "RUS-ch Men Blitz 2019"]
[Site "Sochi"]
[Date "2019.10.20"]
[Round "1.1"]
[White "Morozevich, Alexander"]
[Black "Nazaretyan, Tigran"]
[Result "1-0"]
[ECO "B24"]
[WhiteElo "2659"]
[BlackElo "2297"]
[Annotator "ChessBase"]
[PlyCount "79"]
[EventDate "2019.10.17"]
[EventType "swiss"]
[EventCountry "RUS"]
[SourceTitle "playchess.com"]
[Source "ChessBase"]
[SourceQuality "1"]
[TimeControl "180+2"]

1. e4 c5 2. Nc3 Nc6 3. Bb5 Nd4 4. Nf3 a6 5. Bd3 Nc6 6. O-O d6 7. h3 g6 8. a4 Bg7 9. Bc4 Nf6 10. d3 O-O 11. Bg5 h6 12. Be3 e5 13. Nd2 Be6 14. Bxe6 fxe6 15. Ne2 Nh5 16. c3 Nf4 17. Bxf4 exf4 18. Nf3 Kh7 19. d4 cxd4 20. cxd4 e5 21. d5 Nb4 22. a5 b6 23. Qa4 bxa5 24. Rfc1 Nd3 25. Rc6 Rb8 26. Qc4 Nc5 27. Ra2 Rb4 28. Qc2 Nxe4 29. Nc3 Nc5 30. Nd2 f3 31. Nde4 Nxe4 32. Nxe4 fxg2 33. Ra3 Qh4 34. Re3 Rf4 35. Nxd6 e4 36. Rc7 Ra4 37. Kxg2 Ra1 38. Nxe4 Rf5 39. Qc3 Rg5+ 40. Ng3 1-0

[Event "RUS-ch Men Blitz 2019"]
[Site "Sochi"]
[Date "2019.10.17"]
[Round "1.2"]
[White "Ovod, Evgenija"]
[Black "Tsydypov, Zhamsaran"]
[Result "0-1"]
[ECO "B22"]
[WhiteElo "2347"]
[BlackElo "2553"]
[Annotator "ChessBase"]
[PlyCount "72"]
[EventDate "2019.10.17"]
[EventType "swiss"]
[EventCountry "RUS"]
[SourceTitle "playchess.com"]
[Source "ChessBase"]
[SourceQuality "1"]
[TimeControl "180+2"]

1. e4 c5 2. c3 Nf6 3. e5 Nd5 4. Nf3 e6 5. Bc4 Nb6 6. Bb3 c4 7. Bc2 Nc6 8. O-O Qc7 9. Re1 d6 10. exd6 Bxd6 11. b3 a6 12. bxc4 Nxc4 13. d3 N4e5 14. Nbd2 O-O 15. d4 Nxf3+ 16. Nxf3 Ne7 17. Qd3 Ng6 18. h4 f5 19. h5 Ne7 20. h6 Nd5 21. hxg7 Qxg7 22. Ne5 b5 23. a4 Bb7 24. f3 Rac8 25. Bd2 Kh8 26. axb5 axb5 27. Ra7 Rc7 28. Qxb5 Rg8 29. Re2 Bxe5 30. dxe5 Nxc3 31. Bxc3 Bxf3 32. Rxc7 Qxc7 33. Bd4 Qg7 34. Qd3 Bxg2 35. Kf2 Be4 36. Qh3 Qg1# 0-1

[Event "RUS-ch Men Blitz 2019"]
[Site "Sochi"]
[Date "2019.10.20"]
[Round "1.2"]
[White "Zakaryan, David"]
[Black "Yuffa, Daniil"]
[Result "1/2-1/2"]
[ECO "E16"]
[WhiteElo "2338"]
[BlackElo "2577"]
[Annotator "ChessBase"]
[PlyCount "155"]
[EventDate "2019.10.17"]
[EventType "swiss"]
[EventCountry "RUS"]
[SourceTitle "playchess.com"]
[Source "ChessBase"]
[SourceQuality "1"]
[TimeControl "180+2"]

1. d4 Nf6 2. Nf3 e6 3. c4 Bb4+ 4. Bd2 Qe7 5. g3 Bxd2+ 6. Qxd2 Nc6 7. Nc3 d5 8. cxd5 exd5 9. Bg2 O-O 10. O-O Bg4 11. Qf4 Bxf3 12. Bxf3 Rad8 13. Rac1 Rfe8 14. a3 Na5 15. b4 Nc6 16. e3 h6 17. h4 Nb8 18. Na4 c6 19. Nc5 a6 20. a4 b6 21. Nd3 Ne4 22. Bxe4 dxe4 23. Ne5 Qe6 24. Rc2 f6 25. Nc4 b5 26. axb5 axb5 27. Nd2 Nd7 28. Rfc1 Rc8 29. h5 Nb6 30. g4 Nd5 31. Qf5 Qxf5 32. gxf5 Nxb4 33. Kg2 Nxc2 34. Rxc2 Kf7 35. Kg3 c5 36. dxc5 Re5 37. Kf4 Rcxc5 38. Rb2 Rxf5+ 39. Kxe4 Rfe5+ 40. Kf3 Rxh5 41. Ne4 Rcd5 42. Ng3 Rhe5 43. Ne2 h5 44. Nf4 Rd6 45. Rc2 Rd7 46. Rc6 Rb7 47. Nd3 Ree7 48. Nb4 Rec7 49. Rd6 Rc4 50. Nc6 Rc7 51. Nd4 b4 52. Rb6 h4 53. Nf5 h3 54. Nd6+ Kg6 55. Nxc4 Rxc4 56. Kg3 Rh4 57. Kh2 Kf5 58. Rb5+ Ke6 59. f4 g5 60. Rxb4 g4 61. e4 Rh8 62. Rb6+ Kf7 63. Rb1 Rc8 64. Rg1 Rg8 65. Kg3 f5 66. exf5 Kf6 67. Re1 Kxf5 68. Re5+ Kf6 69. Rh5 Rg7 70. Rh4 Kf5 71. Rh5+ Ke4 72. Re5+ Kd4 73. Re1 Kd5 74. f5 Kd6 75. f6 Rf7 76. Kxg4 h2 77. Kg3 Rxf6 78. Kxh2 1/2-1/2

[Event "RUS-ch Men Blitz 2019"]
[Site "Sochi"]
[Date "2019.10.20"]
[Round "1.3"]
[White "Khismatullin, Denis"]
[Black "Ivlev, Aleksey"]
[Result "0-1"]
[ECO "A28"]
[WhiteElo "2611"]
[BlackElo "2292"]
[Annotator "ChessBase"]
[PlyCount "138"]
[EventDate "2019.10.17"]
[EventType "swiss"]
[EventCountry "RUS"]
[SourceTitle "playchess.com"]
[Source "ChessBase"]
[SourceQuality "1"]
[TimeControl "180+2"]

1. c4 Nf6 2. Nc3 e5 3. Nf3 Nc6 4. e3 d6 5. d4 Be7 6. d5 Nb8 7. e4 a5 8. Bd3 Na6 9. O-O Nc5 10. Bc2 O-O 11. Be3 b6 12. b3 Bg4 13. h3 Bxf3 14. Qxf3 Nfd7 15. a3 Bg5 16. b4 Na6 17. Rab1 Bxe3 18. Qxe3 Nab8 19. Ba4 Nf6 20. Rfc1 axb4 21. axb4 Nbd7 22. Bc6 Ra3 23. Ra1 Rxa1 24. Rxa1 Nb8 25. Bb5 Nh5 26. g3 Qc8 27. Kg2 g6 28. c5 bxc5 29. bxc5 Ng7 30. c6 f5 31. Ra8 f4 32. Qd2 Qd8 33. Be2 Qg5 34. Bf3 Nd7 35. Rxf8+ Nxf8 36. Nb5 Ne8 37. Qa5 Qe7 38. Bg4 fxg3 39. fxg3 h5 40. Bf3 h4 41. Qd2 hxg3 42. Kxg3 Kg7 43. h4 Nh7 44. Qe3 Nhf6 45. Qg5 Qd8 46. Kg2 Qb8 47. Nc3 Qb2+ 48. Ne2 Kf7 49. h5 gxh5 50. Bxh5+ Kf8 51. Bf3 Kf7 52. Kh3 Qb1 53. Ng3 Qg1 54. Bh5+ Kf8 55. Qh6+ Ke7 56. Nf5+ Kd8 57. Bxe8 Qh1+ 58. Kg3 Nxe4+ 59. Kg4 Qxh6 60. Nxh6 Nf6+ 61. Kf5 Nxe8 62. Ke6 Ng7+ 63. Kf6 Nh5+ 64. Kf5 Ng3+ 65. Ke6 Nh5 66. Nf7+ Kc8 67. Ng5 Nf4+ 68. Kf5 Nxd5 69. Ke6 Nb4 0-1

[Event "RUS-ch Men Blitz 2019"]
[Site "Sochi"]
[Date "2019.10.20"]
[Round "1.4"]
[White "Tenikashvili, Georgij"]
[Black "Bocharov, Dmitry"]
[Result "0-1"]
[ECO "E12"]
[WhiteElo "2337"]
[BlackElo "2519"]
[Annotator "ChessBase"]
[PlyCount "64"]
[EventDate "2019.10.17"]
[EventType "swiss"]
[EventCountry "RUS"]
[SourceTitle "playchess.com"]
[Source "ChessBase"]
[SourceQuality "1"]
[TimeControl "180+2"]

1. d4 Nf6 2. Nf3 e6 3. c4 b6 4. a3 Ba6 5. Qc2 Bb7 6. Nc3 c5 7. dxc5 bxc5 8. Bg5 Be7 9. e3 d6 10. Be2 Nbd7 11. O-O O-O 12. Rfd1 Qc7 13. h3 a6 14. Bf4 Rfd8 15. Rd2 h6 16. Rad1 Nb6 17. b3 Rac8 18. Bh2 Rd7 19. Ne1 Qd8 20. Bf3 d5 21. cxd5 exd5 22. Nd3 d4 23. Ne5 Bxf3 24. Nxd7 Bxd1 25. Nxf6+ Bxf6 26. Qxd1 dxc3 27. Rxd8+ Rxd8 28. Qc1 Rd2 29. e4 Bd4 30. Bg3 c4 31. bxc4 Nxc4 32. Kf1 c2 0-1

[Event "RUS-ch Men Blitz 2019"]
[Site "Sochi"]
[Date "2019.10.17"]
[Round "1.5"]
[White "Shimanov, Aleksandr"]
[Black "Tenikashvili, Georgij"]
[Result "1-0"]
[ECO "A06"]
[WhiteElo "2587"]
[BlackElo "2337"]
[Annotator "ChessBase"]
[PlyCount "56"]
[EventDate "2019.10.17"]
[EventType "swiss"]
[EventCountry "RUS"]
[SourceTitle "playchess.com"]
[Source "ChessBase"]
[SourceQuality "1"]
[TimeControl "180+2"]

1. g3 d5 2. Nf3 c6 3. Bg2 Bg4 4. c4 e6 5. cxd5 exd5 6. Qb3 Qb6 7. Qc2 Nf6 8. O-O Bd6 9. d3 O-O 10. Nc3 Nbd7 11. e4 Rfe8 12. Be3 Qa6 13. Nd4 dxe4 14. dxe4 Rad8 15. h3 Be6 16. Nxe6 Rxe6 17. Rad1 Rde8 18. f4 Bc5 19. Bxc5 Nxc5 20. e5 Nh5 21. Kh2 g6 22. b4 Qc4 23. bxc5 f6 24. Qb3 Qa6 25. Ne4 Kg7 26. g4 fxe5 27. gxh5 exf4 28. Rxf4 Qe2 1-0

[Event "RUS-ch Men Blitz 2019"]
[Site "Sochi"]
[Date "2019.10.20"]
[Round "1.6"]
[White "Savchenko, Boris"]
[Black "Suleymenov, Alisher"]
[Result "1/2-1/2"]
[ECO "C18"]
[WhiteElo "2581"]
[BlackElo "2452"]
[Annotator "ChessBase"]
[PlyCount "118"]
[EventDate "2019.10.17"]
[EventType "swiss"]
[EventCountry "RUS"]
[SourceTitle "playchess.com"]
[Source "ChessBase"]
[SourceQuality "1"]
[TimeControl "180+2"]

1. e4 e6 2. d4 d5 3. Nc3 Bb4 4. e5 Ne7 5. a3 Bxc3+ 6. bxc3 c5 7. Qg4 O-O 8. Bd3 f5 9. exf6 Rxf6 10. Bg5 Rf7 11. Qh5 g6 12. Qd1 Qa5 13. Bd2 c4 14. Be2 Nbc6 15. f4 Bd7 16. Nf3 Nf5 17. O-O Raf8 18. Ne5 Re7 19. a4 Nd6 20. Bf3 Be8 21. Qe1 Nxe5 22. fxe5 Nf5 23. Bc1 Rff7 24. g4 Ng7 25. Ba3 Rd7 26. Bc5 Qd8 27. a5 Rf4 28. Bxa7 Rdf7 29. Qg3 Qg5 30. Bc5 Nh5 31. gxh5 Qxg3+ 32. hxg3 Rxf3 33. Rxf3 Rxf3 34. hxg6 hxg6 35. Bb4 Rxg3+ 36. Kf2 Rh3 37. a6 bxa6 38. Rxa6 Bf7 39. Ra8+ Kh7 40. Be7 g5 41. Bb4 Kg6 42. Rf8 Rh2+ 43. Kg3 Rxc2 44. Kg4 Rg2+ 45. Kf3 Rh2 46. Kg3 Rh1 47. Kg2 Rh4 48. Kg3 Re4 49. Kf3 Re1 50. Kg3 Re2 51. Kf3 Rc2 52. Kg3 Rd2 53. Kg4 Rg2+ 54. Kf3 Rg1 55. Kf2 Rg4 56. Kf3 Rf4+ 57. Kg3 Re4 58. Kf3 Rf4+ 59. Kg3 Re4 1/2-1/2

[Event "RUS-ch Men Blitz 2019"]
[Site "Sochi"]
[Date "2019.10.17"]
[Round "1.6"]
[White "Eremeev, Mikhail"]
[Black "Lysyj, Igor"]
[Result "0-1"]
[ECO "D02"]
[WhiteElo "2127"]
[BlackElo "2596"]
[Annotator "ChessBase"]
[PlyCount "72"]
[EventDate "2019.10.17"]
[EventType "swiss"]
[EventCountry "RUS"]
[SourceTitle "playchess.com"]
[Source "ChessBase"]
[SourceQuality "1"]
[TimeControl "180+2"]

1. d4 d5 2. Nf3 Nf6 3. Bf4 c5 4. e3 Nc6 5. c3 Qb6 6. Qc1 Bf5 7. Nh4 Bd7 8. Bd3 Rc8 9. Nf3 Nh5 10. dxc5 Qxc5 11. Nbd2 Nxf4 12. exf4 g6 13. O-O Bh6 14. Nb3 Qb6 15. Re1 O-O 16. Qd2 Rfe8 17. Ne5 Nxe5 18. Rxe5 e6 19. g3 a5 20. Nd4 Bg7 21. Rae1 f6 22. R5e2 e5 23. fxe5 fxe5 24. Nb3 a4 25. Nc1 Bg4 26. Bb1 Rcd8 27. Re3 Bh6 28. Nd3 Bxe3 29. Rxe3 Bf5 30. Qe2 a3 31. b3 Qc7 32. Bc2 Qxc3 33. b4 e4 34. Nf4 Qa1+ 35. Kg2 d4 36. Bb3+ Kh8 0-1

[Event "RUS-ch Men Blitz 2019"]
[Site "Sochi"]
[Date "2019.10.17"]
[Round "1.9"]
[White "Timofeev, Artyom"]
[Black "Magomedov, Rashid"]
[Result "1-0"]
[ECO "A15"]
[WhiteElo "2595"]
[BlackElo "2195"]
[Annotator "ChessBase"]
[PlyCount "45"]
[EventDate "2019.10.17"]
[EventType "swiss"]
[EventCountry "RUS"]
[SourceTitle "playchess.com"]
[Source "ChessBase"]
[SourceQuality "1"]
[TimeControl "180+2"]

1. c4 Nf6 2. e3 e6 3. Nf3 c5 4. b3 Nc6 5. Bb2 b6 6. Be2 Bb7 7. O-O Be7 8. d4 cxd4 9. Nxd4 Nxd4 10. Bxd4 O-O 11. Nc3 Ne4 12. Nxe4 Bxe4 13. Qd2 d5 14. Qb2 Bc5 15. Rfd1 Qg5 16. g3 dxc4 17. Bxc5 Qxc5 18. Rac1 Bg6 19. Rxc4 Qa5 20. h4 h6 21. b4 Qf5 22. Rf4 Qd5 23. Rxd5 1-0

[Event "RUS-ch Men Blitz 2019"]
[Site "Sochi"]
[Date "2019.10.17"]
[Round "1.10"]
[White "Rozhko, Dmitry"]
[Black "Kokarev, Dmitry"]
[Result "0-1"]
[ECO "A48"]
[WhiteElo "2305"]
[BlackElo "2593"]
[Annotator "ChessBase"]
[PlyCount "46"]
[EventDate "2019.10.17"]
[EventType "swiss"]
[EventCountry "RUS"]
[SourceTitle "playchess.com"]
[Source "ChessBase"]
[SourceQuality "1"]
[TimeControl "180+2"]

1. d4 Nf6 2. Nf3 g6 3. Bg5 Bg7 4. Nbd2 O-O 5. c3 d6 6. e4 c5 7. dxc5 dxc5 8. Bc4 Nc6 9. Qe2 Na5 10. Bd3 h6 11. Bh4 Be6 12. O-O Qb6 13. Rfb1 Rfd8 14. Nc4 Qa6 15. Nxa5 Qxa5 16. Bc4 Qb6 17. Bxe6 Qxe6 18. Bxf6 Bxf6 19. h3 Bg7 20. a4 Rd7 21. Rd1 Rad8 22. Rxd7 Qxd7 23. Qc4 Qc6 0-1

[Event "RUS-ch Men Blitz 2019"]
[Site "Sochi"]
[Date "2019.10.17"]
[Round "1.11"]
[White "Golubov, Saveliy"]
[Black "Akhtariev, Andrey"]
[Result "1-0"]
[ECO "A46"]
[WhiteElo "2469"]
[BlackElo "2160"]
[Annotator "ChessBase"]
[PlyCount "79"]
[EventDate "2019.10.17"]
[EventType "swiss"]
[EventCountry "RUS"]
[SourceTitle "playchess.com"]
[Source "ChessBase"]
[SourceQuality "1"]
[TimeControl "180+2"]

1. d4 Nf6 2. Nf3 e6 3. Bf4 b6 4. e3 Bb7 5. Nbd2 d6 6. Bd3 Nbd7 7. O-O c5 8. h3 Be7 9. Bh2 O-O 10. a4 Re8 11. c3 Bf8 12. e4 e5 13. dxe5 dxe5 14. Qe2 Qc7 15. Nc4 Rad8 16. Rfd1 g6 17. Bc2 Ba6 18. Bb3 Bg7 19. Qe1 Re7 20. Ncxe5 Nxe5 21. Rxd8+ Qxd8 22. Nxe5 Qe8 23. Bxf7+ Rxf7 24. Nxf7 Qxf7 25. Rd1 Qe8 26. e5 Nd7 27. e6 Nf6 28. Bg3 Bc4 29. e7 Kf7 30. Bd6 Qxa4 31. Rd2 Ne8 32. Qe3 Bb3 33. Qf3+ Bf6 34. Be5 Kxe7 35. Re2 Qa1+ 36. Kh2 Bxe5+ 37. Rxe5+ Kd6 38. Rxe8 Qxb2 39. Qf6+ Kd5 40. c4+ 1-0

[Event "RUS-ch Men Blitz 2019"]
[Site "Sochi"]
[Date "2019.10.17"]
[Round "1.12"]
[White "Gaydym, Arseniy"]
[Black "Nozdrachev, Vladislav"]
[Result "0-1"]
[ECO "C77"]
[WhiteElo "2139"]
[BlackElo "2494"]
[Annotator "ChessBase"]
[PlyCount "44"]
[EventDate "2019.10.17"]
[EventType "swiss"]
[EventCountry "RUS"]
[SourceTitle "playchess.com"]
[Source "ChessBase"]
[SourceQuality "1"]
[TimeControl "180+2"]

1. e4 e5 2. Nf3 Nc6 3. Bb5 a6 4. Ba4 Nf6 5. d3 b5 6. Bb3 Bc5 7. O-O d6 8. c3 Bb6 9. a4 Rb8 10. Nbd2 O-O 11. Re1 Ng4 12. Re2 Kh8 13. h3 f5 14. d4 exd4 15. hxg4 dxc3 16. Nf1 fxg4 17. Ng5 Nd4 18. Nf7+ Rxf7 19. Bxf7 Qf6 20. Bd5 c6 21. Ba2 g3 22. a5 Nxe2+ 0-1

[Event "RUS-ch Men Blitz 2019"]
[Site "Sochi"]
[Date "2019.10.20"]
[Round "1.14"]
[White "Lysyj, Igor"]
[Black "Mamedov, Elmin"]
[Result "1-0"]
[ECO "A61"]
[WhiteElo "2596"]
[BlackElo "2149"]
[Annotator "ChessBase"]
[PlyCount "65"]
[EventDate "2019.10.17"]
[EventType "swiss"]
[EventCountry "RUS"]
[SourceTitle "playchess.com"]
[Source "ChessBase"]
[SourceQuality "1"]
[TimeControl "180+2"]

1. d4 Nf6 2. c4 c5 3. d5 e6 4. Nc3 exd5 5. cxd5 d6 6. Nf3 g6 7. Bf4 Bg7 8. e3 O-O 9. h3 a6 10. a4 Qc7 11. Be2 Nbd7 12. Nd2 b6 13. O-O Ne8 14. Qc2 Ne5 15. Bg3 f5 16. Rae1 Rb8 17. f4 Nf7 18. e4 fxe4 19. Ndxe4 Bf5 20. Bxa6 Nf6 21. Nxf6+ Bxf6 22. Bd3 Bxd3 23. Qxd3 Nh6 24. Nb5 Qg7 25. Nxd6 Bxb2 26. Re6 Rbd8 27. Kh2 Nf5 28. Nxf5 Rxf5 29. Rfe1 Qf7 30. d6 Bd4 31. Qb5 Qd7 32. Re8+ Kg7 33. R8e7+ 1-0

[Event "RUS-ch Men Blitz 2019"]
[Site "Sochi"]
[Date "2019.10.17"]
[Round "1.15"]
[White "Bocharov, Dmitry"]
[Black "Dolgov, Alexey S"]
[Result "1-0"]
[ECO "A30"]
[WhiteElo "2519"]
[BlackElo "2118"]
[Annotator "ChessBase"]
[PlyCount "55"]
[EventDate "2019.10.17"]
[EventType "swiss"]
[EventCountry "RUS"]
[SourceTitle "playchess.com"]
[Source "ChessBase"]
[SourceQuality "1"]
[TimeControl "180+2"]

1. c4 c5 2. Nf3 Nc6 3. d4 cxd4 4. Nxd4 Nf6 5. Nc3 g6 6. Nc2 Bg7 7. e4 d6 8. Be2 O-O 9. O-O Be6 10. Be3 Rc8 11. Rc1 a6 12. b3 Qa5 13. Bd2 Qd8 14. Kh1 h5 15. f3 Re8 16. Nd5 Bd7 17. Be3 Ne5 18. Bb6 Nxd5 19. Bxd8 Nc3 20. Qd2 Nxe2 21. Qxe2 Rexd8 22. Ne3 e6 23. Rcd1 Be8 24. f4 Nc6 25. Rd2 Nd4 26. Qd1 e5 27. Nd5 b5 28. Ne7+ 1-0

[Event "RUS-ch Men Blitz 2019"]
[Site "Sochi"]
[Date "2019.10.17"]
[Round "1.16"]
[White "Karalkin, Maksim"]
[Black "Pridorozhni, Aleksei"]
[Result "0-1"]
[ECO "B40"]
[WhiteElo "2141"]
[BlackElo "2599"]
[Annotator "ChessBase"]
[PlyCount "62"]
[EventDate "2019.10.17"]
[EventType "swiss"]
[EventCountry "RUS"]
[SourceTitle "playchess.com"]
[Source "ChessBase"]
[SourceQuality "1"]
[TimeControl "180+2"]

1. e4 c5 2. Nf3 e6 3. c3 a6 4. d4 d5 5. exd5 exd5 6. Bd3 c4 7. Bc2 Nc6 8. O-O Nf6 9. Re1+ Be7 10. b3 cxb3 11. axb3 O-O 12. Qd3 Ne4 13. Ba3 Bxa3 14. Rxa3 Bf5 15. Qd1 Rc8 16. Bd3 Bg6 17. Ra2 Qd6 18. Rae2 b5 19. h3 Qb8 20. Re3 a5 21. Nh4 Nf6 22. Nxg6 hxg6 23. Nd2 b4 24. cxb4 Qxb4 25. Nf3 Nxd4 26. Nxd4 Qxd4 27. Re7 Rc3 28. Bc2 Qxd1 29. Bxd1 Rc1 30. Kf1 Ne4 31. Ra7 Re8 0-1

[Event "RUS-ch Men Blitz 2019"]
[Site "Sochi"]
[Date "2019.10.17"]
[Round "1.17"]
[White "Rozum, Ivan"]
[Black "Berko, Igor"]
[Result "1-0"]
[ECO "A16"]
[WhiteElo "2599"]
[BlackElo "2014"]
[Annotator "ChessBase"]
[PlyCount "45"]
[EventDate "2019.10.17"]
[EventType "swiss"]
[EventCountry "RUS"]
[SourceTitle "playchess.com"]
[Source "ChessBase"]
[SourceQuality "1"]
[TimeControl "180+2"]

1. c4 Nf6 2. Nc3 d5 3. cxd5 Nxd5 4. g3 c6 5. Bg2 e5 6. Nf3 Qc7 7. O-O Be7 8. Qc2 Be6 9. Nxd5 Bxd5 10. e4 Be6 11. d4 exd4 12. Nxd4 Bd7 13. Bf4 Qb6 14. Be3 Qa5 15. f4 O-O 16. e5 Na6 17. a3 Qd8 18. Rad1 Qc8 19. f5 Bc5 20. b4 Bxd4 21. Bxd4 Nc7 22. Bb2 Rd8 23. f6 1-0

[Event "RUS-ch Men Blitz 2019"]
[Site "Sochi"]
[Date "2019.10.17"]
[Round "1.18"]
[White "Oganyan, Arsen"]
[Black "Sakaev, Konstantin"]
[Result "0-1"]
[ECO "E10"]
[WhiteElo "2213"]
[BlackElo "2595"]
[Annotator "ChessBase"]
[PlyCount "34"]
[EventDate "2019.10.17"]
[EventType "swiss"]
[EventCountry "RUS"]
[SourceTitle "playchess.com"]
[Source "ChessBase"]
[SourceQuality "1"]
[TimeControl "180+2"]

1. d4 Nf6 2. c4 e6 3. Nf3 d5 4. g3 Bb4+ 5. Bd2 Be7 6. Bg2 O-O 7. O-O Nbd7 8. Qc2 c6 9. Bf4 b6 10. Nbd2 Nh5 11. Be3 Bb7 12. Rfd1 Rc8 13. Nf1 Nhf6 14. Bf4 c5 15. b3 cxd4 16. Ne5 b5 17. Nd2 g5 0-1

[Event "RUS-ch Men Blitz 2019"]
[Site "Sochi"]
[Date "2019.10.17"]
[Round "1.19"]
[White "Yuffa, Daniil"]
[Black "Gimadutdinov, Ilnur"]
[Result "1-0"]
[ECO "B63"]
[WhiteElo "2577"]
[BlackElo "2146"]
[Annotator "ChessBase"]
[PlyCount "63"]
[EventDate "2019.10.17"]
[EventType "swiss"]
[EventCountry "RUS"]
[SourceTitle "playchess.com"]
[Source "ChessBase"]
[SourceQuality "1"]
[TimeControl "180+2"]

1. e4 c5 2. Nf3 d6 3. d4 cxd4 4. Nxd4 Nf6 5. Nc3 Nc6 6. Bg5 e6 7. Qd2 Be7 8. O-O-O O-O 9. f3 Nxd4 10. Qxd4 Qa5 11. h4 a6 12. Kb1 b5 13. Qd2 b4 14. Ne2 Bb7 15. Nd4 h6 16. Be3 d5 17. e5 Nd7 18. f4 Nc5 19. Nb3 Nxb3 20. cxb3 Qc7 21. Bd4 a5 22. Bb5 Ba6 23. Rc1 Qd8 24. Bc6 Rc8 25. g4 Rb8 26. f5 exf5 27. gxf5 Bc8 28. f6 Bf5+ 29. Ka1 g6 30. fxe7 Qxe7 31. Qxh6 Be6 32. Bc5 1-0

[Event "RUS-ch Men Blitz 2019"]
[Site "Sochi"]
[Date "2019.10.17"]
[Round "1.20"]
[White "Khmelev, Mikhail"]
[Black "Antipov, Mikhail Al."]
[Result "0-1"]
[ECO "B30"]
[WhiteElo "2082"]
[BlackElo "2567"]
[Annotator "ChessBase"]
[PlyCount "72"]
[EventDate "2019.10.17"]
[EventType "swiss"]
[EventCountry "RUS"]
[SourceTitle "playchess.com"]
[Source "ChessBase"]
[SourceQuality "1"]
[TimeControl "180+2"]

1. e4 c5 2. Nf3 Nc6 3. Bb5 d6 4. O-O Bd7 5. c3 a6 6. Bxc6 Bxc6 7. Re1 Nf6 8. e5 dxe5 9. Nxe5 Qd5 10. Nxc6 Qxc6 11. Na3 e6 12. Nc4 Bd6 13. d4 cxd4 14. Qxd4 Rd8 15. Qh4 O-O 16. Nxd6 Rxd6 17. Bf4 Rd5 18. Be5 Nd7 19. Bd4 Qd6 20. Qg3 e5 21. Be3 f5 22. f4 e4 23. Bd4 Rf7 24. Rad1 Nc5 25. Be5 Qd7 26. Rxd5 Qxd5 27. Qe3 Nd3 28. Rd1 Qxa2 29. Qb6 h6 30. Rf1 Qxb2 31. Qd8+ Kh7 32. Qd5 Qb6+ 33. Bd4 Qg6 34. h4 h5 35. Rb1 Nxf4 36. Rb2 Nxd5 0-1

[Event "RUS-ch Men Blitz 2019"]
[Site "Sochi"]
[Date "2019.10.17"]
[Round "1.22"]
[White "Abramov, Ilya"]
[Black "Popov, Valerij"]
[Result "0-1"]
[ECO "D31"]
[WhiteElo "2119"]
[BlackElo "2535"]
[Annotator "ChessBase"]
[PlyCount "36"]
[EventDate "2019.10.17"]
[EventType "swiss"]
[EventCountry "RUS"]
[SourceTitle "playchess.com"]
[Source "ChessBase"]
[SourceQuality "1"]
[TimeControl "180+2"]

1. d4 d5 2. c4 e6 3. Nc3 c6 4. cxd5 exd5 5. Nf3 Bf5 6. Qb3 Qb6 7. Qxb6 axb6 8. Bd2 Nd7 9. e3 b5 10. Nh4 Be6 11. Bd3 Nb6 12. Ke2 Nf6 13. Rhb1 g6 14. Nf3 h6 15. e4 b4 16. e5 bxc3 17. bxc3 Nfd7 18. a4 Ra7 0-1

[Event "RUS-ch Men Blitz 2019"]
[Site "Sochi"]
[Date "2019.10.17"]
[Round "1.23"]
[White "Iljin, Artem"]
[Black "Kulik, Artur"]
[Result "1-0"]
[ECO "A09"]
[WhiteElo "2509"]
[BlackElo "2014"]
[Annotator "ChessBase"]
[PlyCount "87"]
[EventDate "2019.10.17"]
[EventType "swiss"]
[EventCountry "RUS"]
[SourceTitle "playchess.com"]
[Source "ChessBase"]
[SourceQuality "1"]
[TimeControl "180+2"]

1. Nf3 d5 2. c4 d4 3. g3 c5 4. Bg2 Nc6 5. O-O Nf6 6. d3 g6 7. e3 Bg7 8. exd4 cxd4 9. Re1 O-O 10. Na3 Nd7 11. Nc2 a5 12. b3 Nc5 13. Ba3 Qb6 14. Bxc5 Qxc5 15. a3 Bf5 16. Qd2 e5 17. b4 axb4 18. axb4 Qd6 19. c5 Qc7 20. Na3 Rfd8 21. Nb5 Qe7 22. Nd6 Rxa1 23. Rxa1 Rxd6 24. cxd6 Qxd6 25. b5 Nd8 26. Ra8 Bf6 27. Ng5 b6 28. Ne4 Bxe4 29. Bxe4 Kg7 30. h4 Ne6 31. Qc2 Nc5 32. Bg2 Be7 33. Qc4 Qe6 34. Qxe6 Nxe6 35. Rb8 Bc5 36. Bd5 Nc7 37. Bc4 f5 38. Rb7 Bd6 39. Rxb6 Ne8 40. Rc6 Kf8 41. b6 Ke7 42. b7 Bb8 43. Rc8 Ba7 44. Ra8 1-0

[Event "RUS-ch Men Blitz 2019"]
[Site "Sochi"]
[Date "2019.10.17"]
[Round "1.26"]
[White "Ivanov, Dmitry S."]
[Black "Drygalov, Andrey"]
[Result "0-1"]
[ECO "A45"]
[WhiteElo "2172"]
[BlackElo "2484"]
[Annotator "RC"]
[PlyCount "64"]
[EventDate "2019.10.17"]
[EventType "swiss"]
[EventCountry "RUS"]
[SourceTitle "playchess.com"]
[Source "ChessBase"]
[SourceQuality "1"]
[TimeControl "180+2"]

1. d4 Nf6 2. Bg5 d5 3. e3 c5 4. Nd2 Nc6 5. c3 e6 6. f4 Qb6 7. Rb1 cxd4 8. exd4 Bd6 9. Ngf3 h6 10. Bxf6 gxf6 11. g3 Bd7 12. Bg2 O-O-O 13. O-O e5 14. fxe5 fxe5 15. Kh1 e4 16. Nh4 Be6 17. b4 Qb5 18. Re1 f5 19. Bf1 Qb6 20. Bh3 Ne7 21. a4 Kb8 22. Nb3 Qc7 23. Nc5 Bc8 24. a5 Bxg3 25. hxg3 Qxg3 26. Rb2 Qxh3+ 27. Rh2 Qxc3 28. Ng2 Nc6 29. Nf4 Qxd4 30. Qe2 Qc4 31. Qb2 Qxb4 32. Qc2 Qxe1+ 0-1

[Event "RUS-ch Men Blitz 2019"]
[Site "Sochi"]
[Date "2019.10.17"]
[Round "1.28"]
[White "Kryzhanovskiy, Mikhail"]
[Black "Lugovskoy, Maxim"]
[Result "0-1"]
[ECO "D37"]
[WhiteElo "2064"]
[BlackElo "2436"]
[Annotator "NA"]
[PlyCount "80"]
[EventDate "2019.10.17"]
[EventType "swiss"]
[EventCountry "RUS"]
[SourceTitle "playchess.com"]
[Source "ChessBase"]
[SourceQuality "1"]
[TimeControl "180+2"]

1. Nf3 d5 2. c4 e6 3. d4 Nf6 4. Nc3 a6 5. a4 c6 6. e3 Ne4 7. Qc2 f5 8. g3 Bd6 9. Bg2 O-O 10. O-O Nd7 11. a5 Ndf6 12. b3 Nxc3 13. Qxc3 Ne4 14. Qc2 Qe7 15. Ne5 Bd7 16. Bb2 Be8 17. Qc1 Rc8 18. Ba3 c5 19. Qb2 Bh5 20. cxd5 exd5 21. Nd3 c4 22. Bxd6 Qxd6 23. bxc4 dxc4 24. Nf4 Bf7 25. Qxb7 c3 26. Rfc1 Rb8 27. Qa7 Rfc8 28. Nd3 Bd5 29. Nc5 Nxc5 30. Bxd5+ Qxd5 31. dxc5 Qc6 32. Rab1 Rxb1 33. Rxb1 c2 34. Rc1 Qxc5 35. Qxa6 h6 36. Qe6+ Kh8 37. a6 Rd8 38. Kg2 Rd2 39. Qe8+ Kh7 40. Qa4 Qxe3 0-1

[Event "RUS-ch Men Blitz 2019"]
[Site "Sochi"]
[Date "2019.10.17"]
[Round "1.30"]
[White "Levonyan, Karen"]
[Black "Potapov, Pavel"]
[Result "0-1"]
[ECO "A01"]
[WhiteElo "2010"]
[BlackElo "2489"]
[Annotator "RC"]
[PlyCount "108"]
[EventDate "2019.10.17"]
[EventType "swiss"]
[EventCountry "RUS"]
[SourceTitle "playchess.com"]
[Source "ChessBase"]
[SourceQuality "1"]
[TimeControl "180+2"]

1. b3 e5 2. Bb2 Nc6 3. e3 d6 4. c4 g6 5. d3 Bg7 6. g3 f5 7. Bg2 Nf6 8. Nf3 O-O 9. O-O h6 10. Nc3 g5 11. e4 f4 12. Nd5 g4 13. Nd2 f3 14. Bh1 Nd4 15. Re1 c6 16. Nxf6+ Qxf6 17. Nf1 h5 18. h4 Be6 19. Ne3 Bh6 20. Nc2 c5 21. Nxd4 exd4 22. Bc1 Rab8 23. a4 b6 24. Bd2 a6 25. Qc1 Kh7 26. Ra2 Rf7 27. Kh2 Re7 28. Bf4 Bg8 29. Qd2 Bxf4 30. Qxf4 Qe5 31. a5 b5 32. Rc1 bxc4 33. bxc4 Rf7 34. Qd2 Rb4 35. Rcc2 Rfb7 36. Rcb2 Kg6 37. Rxb4 cxb4 38. Rb2 Qxa5 39. Qf4 Qe5 40. Qf8 Bf7 41. Ra2 a5 42. Qd8 Ra7 43. Qb8 Qc5 44. Bxf3 gxf3 45. g4 hxg4 46. Kg1 a4 47. Qh8 b3 48. h5+ Qxh5 49. Qb8 Qc5 50. Ra1 Ra5 51. Qd8 a3 52. Qd7 b2 53. Rb1 a2 54. Qxg4+ Qg5 0-1